Map: New Repugnancy LE

Players

Sweezer

  • Race: Zerg Zerg
  • Spawn Location: 7:00

PeLLy - Winner!

  • Race: Zerg Zerg
  • League: Diamond
  • Spawn Location: 1:00

VOD

Have the link to the VOD?

Description

Time

  • Played on: Aug. 8, 2019, 5:01 p.m.
  • Length: 6:44
Show
View Real Time Build Order
Export as new Build Order

Sweezer Zerg 

Build Orders: Hatch First 

Get SALT Encoding   

  12  0:02  Drone  
  13  0:08  Drone  
  14  0:21  Extractor  
  14  0:22  Drone  
  15  0:29  Overlord  
  15  0:50  Drone x2  
  15  0:51  Drone  
  18  1:03  Drone  
  19  1:14  Extractor  
  19  1:16  Extractor  
  17  1:20  Drone  
  18  1:27  Hatchery  
  17  1:38  Drone  
  18  1:42  Spawning Pool  
  18  1:45  Overlord  
  17  1:50  Overlord  
  17  2:01  Drone  
  8  2:28  Drone x2  
  8  2:29  Drone  
  8  2:46  Zergling x4  
  10  2:56  Drone  
  11  3:01  Zergling x2  
  12  3:24  Drone x2  
  12  3:26  Drone x2  
  16  3:28  Drone  
  16  3:32  Drone  
  18  3:38  Queen  
  20  3:56  Overlord  
  20  4:03  Zergling x6  
  23  4:20  Drone x2  
  23  4:22  Zergling x2  
  26  4:39  Metabolic Boost  
  26  5:03  Drone x3  
  26  5:04  Drone x2  
  26  5:05  Drone  
  32  5:20  Lair  
  32  5:26  Evolution Chamber  
  31  5:30  Burrow  
  31  5:36  Zergling x4  
  32  5:53  Zergling x10  
  29  6:07  Zergling x2  
  29  6:08  Zergling x6  
  30  6:20  Zergling x4  
Show
View Real Time Build Order
Export as new Build Order

PeLLy Zerg - Winner!

Build Orders: Pool First 

Get SALT Encoding   

  12  0:18  Spawning Pool  
  11  0:22  Drone  
  11  0:26  Drone  
  13  0:32  Drone  
  14  0:40  Overlord  
  14  1:05  Zergling x6  
  17  1:11  Queen  
  17  1:16  Zergling x2  
  20  1:28  Zergling x2  
  21  1:39  Drone  
  22  1:41  Hatchery  
  21  1:55  Drone  
  22  2:14  Overlord x2  
  21  2:18  Queen  
  20  2:33  Drone  
  20  2:34  Drone x2  
  23  2:44  Drone  
  23  2:49  Extractor  
  22  2:51  Drone  
  23  3:08  Drone x6  
  29  3:20  Drone x2  
  29  3:25  Roach Warren  
  30  3:28  Extractor  
  30  3:31  Drone  
  30  3:32  Drone  
  31  3:37  Drone  
  31  3:38  Drone  
  33  3:52  Lair  
  33  3:58  Drone x5  
  38  4:08  Drone  
  39  4:10  Drone x4  
  43  4:22  Overlord x2  
  43  4:31  Queen, Evolution Chamber  
  43  4:32  Evolution Chamber  
  43  4:34  Overlord  
  43  4:35  Drone  
  44  4:38  Extractor  
  44  4:43  Roach x6  
  55  4:49  Glial Reconstitution  
  55  4:57  Drone x2  
  57  5:00  Drone x3  
  60  5:18  Roach x4  
  60  5:20  Overlord  
  68  5:23  Overlord  
  68  5:25  Hatchery  
  67  5:32  Drone  
  68  5:39  Roach x2  
  72  5:52  Roach  
  72  5:53  Roach x4  
  78  6:03  Ravager  
  79  6:06  Roach  
  79  6:07  Roach  
  79  6:10  Overlord x2  
  83  6:18  Ravager  
  79  6:20  Ravager  
  79  6:23  Roach x3  
Tags
 
Add a new tag
Caveats
  • Supply blocks, unpowered buildings, or Contaminate may cause inaccurate times.
  • Supply counts are checked every 10 seconds.